 Dungeon Crawl Stone Soup version 0.23.0-3-gf3c87f2df8 (webtiles) character file.

Game seed: 6706065620129433432

15432 Sondor the Basher (level 12, -7/94 HPs)
             Began as a Demonspawn Chaos Knight on Feb 22, 2019.
             Was a Plaything of Xom.
             Mangled by a titanic slime creature (81 damage)
             ... on level 12 of the Dungeon.
             The game lasted 00:29:25 (12127 turns).

Sondor the Basher (Demonspawn Chaos Knight)        Turns: 12127, Time: 00:29:32

Health: -7/94      AC: 14    Str: 13 (18) XL:     12   Next: 1%
Magic:  12/12      EV: 11    Int: 13 (14) God:    Xom [*.....]
Gold:   740        SH:  7    Dex: 12      Spells: 11/11 levels left

rFire    + . .     SeeInvis +   K - +2 falchion (elec)
rCold    . . .     Gourm    .   (no shield)
rNeg     . . .     Faith    .   A - +5 scale mail {rPois}
rPois    +         Spirit   .   (no helmet)
rElec    .         Reflect  +   s - +0 cloak
rCorr    +         Harm     .   (gloves unavailable)
MR       ++...     Clarity  +   (no boots)
Stlth    +.........             E - +3 amulet of reflection
HPRegen  0.25/turn              i - ring of see invisible
MPRegen  0.13/turn              M - ring of resist corrosion

@: no status effects
A: claws 3, large bone plates 1, blurry vision 1, clarity, deterioration 2, fire
resistance 1, magic resistance 2, spiny 3, evolution 1
a: Renounce Religion


You were on level 12 of the Dungeon.
You worshipped Xom.
You were a special plaything of Xom.
You were not hungry.

You visited 1 branch of the dungeon, and saw 12 of its levels.
You also visited: Ossuary.

You collected 740 gold pieces.

Inventory:

Hand Weapons
 m - the +7 sceptre of Torment {pain, torment}
   (You found it on level 4 of the Dungeon)

   In the hands of one skilled in necromantic magic, it inflicts extra damage on
   living creatures.
 K - a +2 falchion of electrocution (weapon)
Missiles
 x - 2 throwing nets (quivered)
 D - 8 poisoned javelins
Armour
 s - a +0 cloak (worn)
 A - a +5 scale mail of poison resistance (worn)
 I - the +1 chain mail "Xuluiff" {rF+ rC+}
   (Xom gifted it to you on level 12 of the Dungeon)

   It protects you from fire.
   It protects you from cold.
Jewellery
 g - an uncursed amulet of faith
 i - a ring of see invisible (left claw)
 o - an uncursed ring of ice
 r - an uncursed amulet of harm
 u - an uncursed ring of wizardry
 E - a +3 amulet of reflection (around neck)
 M - a ring of resist corrosion (right claw)
Wands
 B - a wand of scattershot (7)
 C - a wand of polymorph (9)
 H - a wand of enslavement (4)
Scrolls
 a - a scroll of enchant weapon
 e - 2 scrolls of amnesia
 l - a scroll of magic mapping
 p - 3 scrolls of teleportation
 v - 2 scrolls of enchant armour
 y - 7 scrolls of remove curse
 J - 2 scrolls of fear
Potions
 d - a potion of might
 f - a potion of magic {unknown}
 h - 3 potions of curing
 j - 6 potions of brilliance
 k - 3 potions of lignification
 n - 3 potions of cancellation
 q - a potion of berserk rage
 t - a potion of resistance
 w - 2 potions of flight
 z - 3 potions of haste
 F - a potion of ambrosia {unknown}
 G - 2 potions of heal wounds
Comestibles
 c - 10 rations


   Skills:
 + Level 8.5 Fighting
 + Level 5.8 Long Blades
 + Level 12.0 Maces & Flails
 + Level 7.9 Armour
 + Level 5.4 Dodging
 + Level 2.4 Stealth
 + Level 1.0 Evocations


You had 11 spell levels left.
You didn't know any spells.
Your spell library contained the following spells:

 Spells                   Type           Power        Failure   Level  Hunger
 Corona                   Hex            #......      75%         1    ##.....
 Magic Dart               Conj           #...         75%         1    ##.....
 Blink                    Tloc           N/A          87%         2    ###....
 Call Imp                 Summ           #.......     87%         2    ###....
 Ensorcelled Hibernation  Hex/Ice        #.....       87%         2    ###....
 Slow                     Hex            #.......     87%         2    ###....
 Confuse                  Hex            #.......     98%         3    ####...
 Conjure Flame            Conj/Fire      #.......     98%         3    ####...
 Dazzling Spray           Conj/Hex       #.....       98%         3    ####...
 Mephitic Cloud           Conj/Pois/Air  #.......     98%         3    ####...
 Tukima's Dance           Hex            #.......     98%         3    ####...


Dungeon Overview and Level Annotations

Branches:
Dungeon (12/15)            Temple (0/1) D:5            Lair (0/6) D:9
    Orc (0/2) D:9

Altars:
Dithmenos
Gozag
Makhleb
Sif Muna
Trog
Uskayaw
Wu Jian
Xom
Zin

Shops:
D:7 :   D:8 [   D:9 [

Annotations:
D:9 1 runed translucent door


Innate Abilities, Weirdness & Mutations

You have claws for hands.
You are partially covered in large bone plates. (SH +4)
Your flesh is heat resistant. (rF+)
You are completely covered in sharp spines.
Scrolls take you a little longer to read.
You possess an exceptional clarity of mind.
Your body often deteriorates upon taking damage.
You are highly resistant to hostile enchantments. (MR++)
You evolve.


Message History

You block the titanic slime creature's attack.
You hit the titanic slime creature.
The titanic slime creature is lightly wounded.
The titanic slime creature hits you but does no damage.
You closely miss the titanic slime creature.
The titanic slime creature is lightly wounded.
Your crimson imp hits the titanic slime creature.
The titanic slime creature is struck by your spines.
The titanic slime creature hits you.
You hit the titanic slime creature.
The titanic slime creature is moderately wounded.
Your crimson imp hits the titanic slime creature.
The titanic slime creature misses you.
You barely miss the titanic slime creature.
The titanic slime creature is moderately wounded.
Your crimson imp closely misses the titanic slime creature.
The titanic slime creature hits you!!!!
Ouch! That really hurt!
You die...
Xom roars with laughter!

#...####..........#
#.#...>...........#
#####.............#
###..........##
###........)...
#####.........###..
#.#...###....## ##.
#..#### #....# #.
##@## ###....# ##
##J###......# #
#J5........######
#..........#.....
#..........<..###
######.....####
#.....# #......#
...J.###.#


You could see a titanic slime creature, a slime creature and a friendly crimson
imp.

Vanquished Creatures
  Josephine (D:11)
  Fannar (D:10)
  3 two-headed ogres
  Nergalle (D:11)
  2 unseen horrors
  Pikel (D:9)
  An ugly thing (D:11)
  The ghost of yrara the Cudgeler, an amateur DsFi (D:4)
  3 trolls
  2 hippogriffs
  A spriggan (D:11)
  9 yaks
  5 wraiths (D:11)
  A hungry ghost (D:11)
  A basilisk (D:9)
  A spatial vortex (D:10)
  Menkaure (D:6)
  2 wargs (D:9)
  A water moccasin (D:6)
  4 slaves (D:9)
  6 orc warriors
  2 black bears
  3 ice beasts
  2 sky beasts
  A necrophage (D:11)
  8 ogres
  2 phantoms (D:7)
  4 centaurs
  2 big kobolds
  5 bullfrogs
  A gnoll sergeant (D:9)
  3 scorpions
  5 killer bees (D:8)
  5 wights (D:9)
  A howler monkey (D:7)
  An electric eel (D:11)
  3 bullfrog zombies
  3 centaur zombies
  6 crimson imps
  An iron imp (D:5)
  Crazy Yiuf (D:3)
  6 hounds
  3 jellies
  2 orc priests
  2 bullfrog skeletons
  2 centaur skeletons
  7 orc wizards
  5 worker ants
  4 iguanas
  Natasha (D:3)
  3 big kobold zombies (Ossuary)
  A hound zombie (D:7)
  A hound skeleton (D:6)
  7 mummies
  5 gnolls (D:9)
  17 adders
  4 shadow imps
  A white imp (D:11)
  An ooze (D:1)
  An adder zombie (D:5)
  An adder skeleton (D:7)
  2 worms (D:2)
  2 dart slugs (D:3)
  4 leopard geckos
  41 orcs
  7 bats
  5 giant cockroaches
  6 goblins
  13 hobgoblins
  4 jackals
  15 kobolds
  5 quokkas
  A ball python (D:3)
  5 frilled lizards
  5 hobgoblin zombies
  A jackal skeleton (D:5)
  A kobold zombie (D:8)
  2 leopard gecko skeletons
  A quokka skeleton (D:4)
  5 rats
306 creatures vanquished.

Vanquished Creatures (collateral kills)
  Grinder (D:3)
  Natasha (D:3)
2 creatures vanquished.

Vanquished Creatures (others)
  A warg (D:9)
1 creature vanquished.

Grand Total: 309 creatures vanquished

Notes
Turn   | Place    | Note
-------+----------+-------------------------------------------
     0 | D:1      | Sondor the Demonspawn Chaos Knight began the quest for the
                  | Orb.
     0 | D:1      | Reached XP level 1. HP: 18/18 MP: 1/1
    38 | D:1      | XOM: divination: detect creatures
    61 | D:1      | Gained mutation: You have sharp fingernails. [demonic
                  | ancestry]
    61 | D:1      | Reached XP level 2. HP: 19/24 MP: 2/2
   612 | D:2      | Gained mutation: You are partially covered in sharp spines.
                  | [demonic ancestry]
   612 | D:2      | Reached XP level 3. HP: 27/29 MP: 3/3
   612 | D:2      | XOM: 3-stop teleportation journey
   615 | D:2      | Reached skill level 1 in Dodging
   987 | D:2      | Reached XP level 4. HP: 32/37 MP: 4/4
  1063 | D:2      | XOM: harmless Erth miscast
  1185 | D:2      | XOM: god gift: ring mail {god gift}
  1294 | D:3      | Found an opulent altar of Gozag.
  1319 | D:3      | Noticed Natasha
  1320 | D:3      | Noticed Grinder
  1321 | D:3      | XOM: summons 4 friendly demons
  1330 | D:3      | Killed Grinder
  1330 | D:3      | Gained mutation: You have very sharp fingernails. [demonic
                  | ancestry]
  1330 | D:3      | Reached XP level 5. HP: 25/42 MP: 5/5
  1339 | D:3      | Killed Natasha
  1725 | D:3      | Found a shadowy altar of Dithmenos.
  1731 | D:3      | Gained mutation: Your flesh is heat resistant. (rF+)
                  | [demonic ancestry]
  1731 | D:3      | Reached XP level 6. HP: 37/48 MP: 6/6
  1889 | D:3      | Found a runed translucent door.
  1890 | D:3      | Noticed Crazy Yiuf
  1943 | D:3      | Noticed Natasha
  1950 | D:3      | Killed Natasha
  2301 | D:3      | XOM: harmless Necr miscast
  2306 | D:3      | Killed Crazy Yiuf
  2460 | D:4      | Found the +7 sceptre of Torment {pain, torment}
  2481 | D:4      | Found a shimmering altar of Xom.
  2486 | D:4      | Reached skill level 5 in Long Blades
  2505 | D:4      | Found a bloodstained altar of Trog.
  2595 | D:4      | XOM: summons 3 hostile shadow creatures
  2598 | D:4      | XOM: blink monster(s)
  2765 | D:4      | XOM: mild Hex miscast
  2821 | D:4      | Reached XP level 7. HP: 51/55 MP: 7/7
  3113 | D:4      | XOM: mild Hex miscast
  3117 | D:4      | Reached skill level 1 in Maces & Flails
  3117 | D:4      | Reached skill level 1 in Stealth
  3211 | D:4      | Found a runed translucent door.
  3211 | D:4      | Noticed yrara's ghost (amateur DsFi)
  3227 | D:4      | XOM: harmless Air miscast
  3312 | D:4      | XOM: summons friendly ufetubus
  3314 | D:4      | Killed yrara's ghost
  3314 | D:4      | Reached skill level 2 in Maces & Flails
  3383 | D:4      | XOM: divination: magic mapping
  3553 | D:5      | Entered Level 5 of the Dungeon
  3555 | D:5      | Reached skill level 5 in Fighting
  3621 | D:5      | XOM: mild Necr miscast
  3709 | D:5      | XOM: give mutations
  3709 | D:5      | Gained mutation: Your muscles are strong. (Str +2) [Xom's
                  | grace]
  3709 | D:5      | Gained mutation: You are resistant to hostile enchantments.
                  | (MR+) [Xom's grace]
  3716 | D:5      | XOM: polymorph crimson imp -> iron imp
  3719 | D:5      | Reached skill level 3 in Maces & Flails
  3756 | D:5      | XOM: give mutations
  3756 | D:5      | Gained mutation: You have claws for hands. [Xom's grace]
  3756 | D:5      | Gained mutation: Your flesh is very heat resistant. (rF++)
                  | [Xom's grace]
  3775 | D:5      | XOM: give mutations
  3775 | D:5      | Lost mutation: Your flesh is very heat resistant. (rF++)
                  | [Xom's mischief]
  3775 | D:5      | Gained mutation: Your body sometimes deteriorates upon
                  | taking damage. [Xom's mischief]
  3905 | D:5      | XOM: give mutations
  3905 | D:5      | Gained mutation: You have sharp toenails. [Xom's grace]
  3905 | D:5      | Gained mutation: You are partially covered in large bone
                  | plates. (SH +4) [Xom's grace]
  3905 | D:5      | Gained mutation: You are highly resistant to hostile
                  | enchantments. (MR++) [Xom's grace]
  3905 | D:5      | Gained mutation: Your muscles are very strong. (Str +4)
                  | [Xom's grace]
  3925 | D:5      | XOM: summons 4 hostile shadow creatures
  4037 | D:5      | XOM: harmless Fire miscast
  4087 | D:5      | Found a staircase to the Ecumenical Temple.
  4187 | D:6      | XOM: summons 3 hostile shadow creatures
  4372 | D:6      | XOM: 2-stop teleportation journey
  4378 | D:6      | Gained mutation: You are mostly covered in sharp spines.
                  | [demonic ancestry]
  4378 | D:6      | Reached XP level 8. HP: 56/62 MP: 8/8
  4541 | D:6      | XOM: harmless Pois miscast
  4558 | D:6      | XOM: harmless Hex miscast
  4632 | D:6      | XOM: 9-stop teleportation journey
  4700 | D:6      | Reached skill level 4 in Maces & Flails
  4791 | D:6      | XOM: harmless Fire miscast
  4812 | D:6      | Noticed Menkaure
  4816 | D:6      | Killed Menkaure
  5027 | D:6      | Reached skill level 5 in Maces & Flails
  5048 | D:6      | Found a glowing silver altar of Zin.
  5220 | D:7      | XOM: noise
  5228 | D:7      | XOM: enchant monster (bad)
  5230 | D:7      | XOM: 1-stop teleportation journey
  5262 | D:7      | XOM: 2-stop teleportation journey
  5283 | D:7      | XOM: give mutation
  5283 | D:7      | Gained mutation: Your body often deteriorates upon taking
                  | damage. [Xom's mischief]
  5284 | D:7      | XOM: 2-stop teleportation journey
  5291 | D:7      | XOM: mild Tloc miscast
  5294 | D:7      | Found a hide-covered altar of Uskayaw.
  5294 | D:7      | Found an ornate altar of the Wu Jian Council.
  5301 | D:7      | Reached XP level 9. HP: 45/68 MP: 9/9
  5320 | D:7      | XOM: medium Summ miscast
  5358 | D:7      | XOM: harmless Hex miscast
  5489 | D:7      | Reached skill level 6 in Maces & Flails
  5605 | D:7      | XOM: medium Hex miscast
  5670 | D:7      | XOM: medium Chrm miscast
  5747 | D:7      | XOM: 1-stop teleportation journey
  5753 | D:7      | XOM: cleaving
  5804 | D:7      | XOM: enchant monster (good)
  5814 | D:7      | Found a burning altar of Makhleb.
  5850 | D:7      | Reached skill level 5 in Armour
  5855 | D:7      | Reached skill level 7 in Maces & Flails
  5907 | D:7      | Found Ucliexyr's Book Shoppe.
  5926 | D:7      | XOM: 3-stop teleportation journey
  6018 | D:7      | XOM: mild Chrm miscast
  6029 | D:7      | XOM: scenery: 1 doors open
  6158 | D:7      | XOM: scenery: 2 doors close
  6187 | D:7      | XOM: god gift: 35 gold pieces
  6236 | D:8      | Found a sand-covered staircase.
  6248 | Ossuary  | Entered an ossuary
  6253 | Ossuary  | XOM: fake destruction
  6450 | Ossuary  | XOM: give mutations
  6450 | Ossuary  | Gained mutation: You possess an exceptional clarity of
                  | mind. [Xom's grace]
  6450 | Ossuary  | Gained mutation: You have a pair of small horns on your
                  | head. [Xom's grace]
  6455 | Ossuary  | XOM: god gift: 8 poisoned javelins
  6631 | Ossuary  | XOM: give mutations
  6631 | Ossuary  | Gained mutation: You expend magic power (3 MP) to
                  | strengthen your wands. [Xom's grace]
  6631 | Ossuary  | Gained mutation: You are extremely resistant to the effects
                  | of hostile enchantments. (MR+++) [Xom's grace]
  6631 | Ossuary  | Gained mutation: You are agile. (Dex +2) [Xom's grace]
  6631 | Ossuary  | Gained mutation: Your mind is acute. (Int +2) [Xom's grace]
  6689 | D:8      | XOM: confuse monster(s)
  6880 | D:8      | XOM: divination: magic mapping
  6884 | D:8      | Reached skill level 8 in Maces & Flails
  7232 | D:8      | Found Falanag's Antique Armour Emporium.
  7255 | D:8      | Gained mutation: You are completely covered in sharp
                  | spines. [demonic ancestry]
  7255 | D:8      | Reached XP level 10. HP: 74/77 MP: 10/10
  7583 | D:9      | Found a staircase to the Lair.
  7601 | D:9      | XOM: cleaving
  7707 | D:9      | XOM: swap monsters
  7997 | D:9      | Found a glowing silver altar of Zin.
  7997 | D:9      | Found a runed translucent door.
  7997 | D:9      | Noticed an angel
  8001 | D:9      | XOM: polymorph yak -> basilisk
  8007 | D:9      | Reached skill level 9 in Maces & Flails
  8053 | D:9      | XOM: god gift: 18 bolts
  8301 | D:9      | XOM: harmless Conj miscast
  8302 | D:9      | Noticed Pikel
  8309 | D:9      | Killed Pikel
  8318 | D:9      | Found Izogh's Armour Shop.
  8379 | D:9      | XOM: enchant monster (bad)
  8380 | D:9      | Found a staircase to the Orcish Mines.
  8382 | D:9      | XOM: medium Summ miscast
  8392 | D:9      | XOM: divine lightning
  8410 | D:9      | XOM: 8-stop teleportation journey
  8425 | D:9      | XOM: summons 5 friendly demons
  8507 | D:9      | XOM: medium Ice miscast
  8775 | D:9      | XOM: mild Pois miscast
  8865 | D:9      | Noticed a two-headed ogre
  8865 | D:9      | XOM: silly message
  8870 | D:9      | Killed a two-headed ogre
  8870 | D:9      | Reached skill level 10 in Maces & Flails
  9003 | D:9      | XOM: harmless Conj miscast
  9042 | D:9      | Found a deep blue altar of Sif Muna.
  9066 | D:9      | XOM: mild Summ miscast
  9158 | D:10     | Entered Level 10 of the Dungeon
  9186 | D:10     | Noticed a two-headed ogre
  9188 | D:10     | XOM: potion effect (agility)
  9193 | D:10     | Killed a two-headed ogre
  9193 | D:10     | Reached skill level 1 in Evocations
  9193 | D:10     | Mutation became permanent: You are partially covered in
                  | large bone plates. (SH +4) [demonic ancestry]
  9193 | D:10     | Gained mutation: You are partially covered in large bone
                  | plates. (SH +4) [demonic ancestry]
  9193 | D:10     | Reached XP level 11. HP: 73/84 MP: 11/11
  9311 | D:10     | Noticed Fannar
  9322 | D:10     | Killed Fannar
  9419 | D:10     | XOM: medium Summ miscast
  9485 | D:10     | XOM: mild Air miscast
  9495 | D:10     | Found a bloodstained altar of Trog.
  9679 | D:10     | Noticed an unseen horror
  9679 | D:10     | XOM: confuse monster(s)
  9689 | D:10     | Killed an unseen horror
  9689 | D:10     | Reached skill level 11 in Maces & Flails
  9854 | D:10     | XOM: medium Ice miscast
  9854 | D:10     | XOM: smoke on damage
  9948 | D:10     | XOM: noise
 10198 | D:11     | XOM: polymorph crimson imp -> white imp
 10209 | D:11     | Noticed Nergalle
 10213 | D:11     | Reached skill level 5 in Dodging
 10216 | D:11     | XOM: noise
 10217 | D:11     | XOM: butterfly on damage
 10218 | D:11     | Killed Nergalle
 10220 | D:11     | XOM: enchant monster (bad)
 10435 | D:11     | XOM: 1-stop teleportation journey
 10446 | D:11     | XOM: destruction
 10505 | D:11     | Noticed a white ugly thing
 10512 | D:11     | Killed a white ugly thing
 10513 | D:11     | Noticed an unseen horror
 10516 | D:11     | XOM: blink monster(s)
 10519 | D:11     | XOM: potion effect (brilliance)
 10520 | D:11     | XOM: potion effect (might)
 10525 | D:11     | Killed an unseen horror
 10601 | D:11     | Noticed Josephine
 10694 | D:11     | XOM: summons friendly crimson imp
 10967 | D:11     | XOM: 8-stop teleportation journey
 10997 | D:11     | XOM: summons 4 hostile shadow creatures
 11132 | D:11     | XOM: give mutations
 11132 | D:11     | Lost mutation: You are extremely resistant to the effects
                  | of hostile enchantments. (MR+++) [Xom's mischief]
 11132 | D:11     | Lost mutation: You expend magic power (3 MP) to strengthen
                  | your wands. [Xom's mischief]
 11171 | D:11     | XOM: scenery: 1 doors close
 11214 | D:11     | XOM: cloud trail
 11266 | D:11     | XOM: cast spell 'Summon Butterflies'
 11271 | D:11     | XOM: polymorph butterfly -> river rat
 11275 | D:11     | Killed Josephine
 11275 | D:11     | Reached skill level 12 in Maces & Flails
 11447 | D:11     | Lost mutation: You are agile. (Dex +2) [potion of mutation]
 11447 | D:11     | Lost mutation: Your muscles are very strong. (Str +4)
                  | [potion of mutation]
 11447 | D:11     | Lost mutation: You have sharp toenails. [potion of
                  | mutation]
 11447 | D:11     | Lost mutation: Your muscles are strong. (Str +2) [potion of
                  | mutation]
 11447 | D:11     | Lost mutation: You have a pair of small horns on your head.
                  | [potion of mutation]
 11447 | D:11     | Gained mutation: You have a pair of small horns on your
                  | head. [potion of mutation]
 11448 | D:11     | Lost mutation: You have a pair of small horns on your head.
                  | [potion of mutation]
 11448 | D:11     | Lost mutation: Your mind is acute. (Int +2) [potion of
                  | mutation]
 11448 | D:11     | Gained mutation: Scrolls take you a little longer to read.
                  | [potion of mutation]
 11448 | D:11     | Gained mutation: You evolve. [potion of mutation]
 11866 | D:12     | XOM: god gift: ichor-stained chain mail {god gift}
 11869 | D:12     | Got an ichor-stained chain mail {god gift}
 11880 | D:12     | Identified the +1 chain mail "Xuluiff" {rF+ rC+} (Xom
                  | gifted it to you on level 12 of the Dungeon)
 11921 | D:12     | XOM: harmless Conj miscast
 11940 | D:12     | Noticed a two-headed ogre
 11942 | D:12     | XOM: harmless Fire miscast
 11947 | D:12     | Killed a two-headed ogre
 11947 | D:12     | Reached XP level 12. HP: 62/94 MP: 12/12
 12103 | D:12     | XOM: severe Erth miscast
 12116 | D:12     | XOM: summons friendly crimson imp
 12119 | D:12     | XOM: enchant monster (bad)
 12127 | D:12     | Mangled by a titanic slime creature

Skill      XL: |  1  2  3  4  5  6  7  8  9 10 11 |
---------------+----------------------------------+-----
Armour         | 2 3 4 5 7 |  7.9
Long Blades    | 3 4 5 |  5.8
Dodging        | 1 2 3 4 5 |  5.4
Fighting       | 4 5 6 7 8 |  8.5
Maces & Flails | 3 5 8 10 12 | 12.0
Stealth        | 1 2 |  2.4
Evocations     | 1 |  1.0

Action                   |  1- 3 |  4- 6 |  7- 9 | 10-12 || total
-------------------------+-------+-------+-------+-------++-------
Melee: Falchion          |    75 |    63 |       |    38 ||   176
       Eveningstar       |       |    25 |   210 |   248 ||   483
       Kick              |       |       |    35 |    67 ||   102
       Headbutt          |       |       |     4 |    40 ||    44
Evoke: Wand              |       |       |     3 |     5 ||     8
  Use: Scroll            |     7 |     4 |    19 |     9 ||    39
       Potion            |     1 |     1 |     2 |     4 ||     8
 Stab: Sleeping          |       |       |     1 |       ||     1
  Eat: Chunk             |       |     5 |     3 |     2 ||    10
       Ration            |       |       |     4 |     4 ||     8
Armor: Leather armour    |    33 |    26 |     8 |       ||    67
       Scale mail        |       |       |    72 |    87 ||   159
Dodge: Dodged            |    55 |    59 |   132 |   126 ||   372
Block: Other             |       |       |    36 |    48 ||    84
       Rpst.: Falchion   |    22 |     9 |       |     1 ||    32
